 Dungeon Crawl Stone Soup version 0.32-a0-540-g866d13106e (webtiles) character file.

Game seed: 16749311328576436464

392605 Strat the Slayer (level 22, -1/215 HPs)
             Began as a Mountain Dwarf Fighter on Feb 28, 2024.
             Was the Champion of Okawaru.
             Killed from afar by a frost giant (29 damage)
             ... with a bolt of cold
             ... on level 3 of the Depths.
             The game lasted 01:51:11 (45967 turns).

Strat the Slayer (Mountain Dwarf Fighter)          Turns: 45967, Time: 01:51:12

Health: -1/215     AC: 40    Str: 29    XL:     22   Next: 12%
Magic:  13/31      EV: 10    Int: 13    God:    Okawaru [******]
Gold:   2931       SH: 15    Dex: 11    Spells: 4/33 levels left

rFire   + . .        b - +9 broad axe of Adverse Possession {heavy, rF+}
rCold   . . .        G - +2 kite shield {reflect}
rNeg    + + .        P - +10 plate armour "Aseo" {rN++ rCorr}
rPois   +            J - +1 helmet "Xomeone" {rElec rPois}
rElec   +            d - +2 cloak
rCorr   +            q - +2 pair of gloves "Jaygazog" {Will+}
SInv    +            l - +2 pair of boots
Will    ++++.        F - amulet of regeneration Stlth
                     g - ring of Perabr Roor {Wiz Will+ Str+5 Slay+3}
HPRegen 1.35/turn    H - ring of Hefihut {+Blink SInv}
MPRegen 0.22/turn

%: reflection, wizardry (x1)
@: no status effects
A: runic magic, artefact enchanting
}: 2/15 runes: barnacled, gossamer
a: Renounce Religion, Evoke Blink, Heroism, Finesse, Duel


You were on level 3 of the Depths.
You worshipped Okawaru.
Okawaru was exalted by your worship.
You visited 8 branches of the dungeon, and saw 39 of its levels.
You visited the Abyss 1 time.

You collected 6888 gold pieces.
You spent 3957 gold pieces at shops.

Inventory:

Hand Weapons
 b - the +9 broad axe of Adverse Possession (weapon) {heavy, rF+}
   (Okawaru gifted it to you on level 1 of the Lair of Beasts)

   rF+:       It protects you from fire.
Missiles
 n - 8 datura-tipped darts
 s - a throwing net
 v - 4 darts of dispersal
 I - 16 atropa-tipped darts
 R - 27 javelins (quivered)
 S - 15 silver javelins
Armour
 d - a +2 cloak (worn)
 l - a +2 pair of boots (worn)
 q - the +2 pair of gloves "Jaygazog" (worn) {Will+}
   (You bought it in a shop on level 3 of the Shoals)

   Will+:     It increases your willpower.
 G - a +2 kite shield of reflection (worn)
 J - the +1 helmet "Xomeone" (worn) {rElec rPois}
   (You found it on level 1 of the Spider Nest)

   rElec:     It insulates you from electricity.
   rPois:     It protects you from poison
 P - the +10 plate armour "Aseo" (worn) {rN++ rCorr}
   (Okawaru gifted it to you on level 1 of the Lair of Beasts)

   rN++:      It greatly protects you from negative energy.
   rCorr:     It protects you from acid and corrosion.
 X - the +3 hat of Pondering {ponderous, Will+ MP+10 Int+5}
   (You took it off Gastronok on level 3 of the Lair of Beasts)

   Int+5:     It affects your intelligence (+5).
   Will+:     It increases your willpower.
   MP+10:     It affects your magic capacity (+10).
Jewellery
 g - the ring of Perabr Roor (left hand) {Wiz Will+ Str+5 Slay+3}
   (You bought it in a shop on level 2 of the Vaults)

   [ring of wizardry]

   Wiz:       It improves your spell success rate.
   Str+5:     It affects your strength (+5).
   Slay+3:    It affects your accuracy & damage with ranged weapons and melee
   (+3).
   Will+:     It increases your willpower.
 j - a ring of protection from cold
 y - the ring "Cisievuu" {Wiz rElec rC- Str+3 Dex+8}
   (You found it on level 4 of the Vaults)

   [ring of wizardry]

   Wiz:       It improves your spell success rate.
   Str+3:     It affects your strength (+3).
   Dex+8:     It affects your dexterity (+8).
   rC-:       It makes you vulnerable to cold.
   rElec:     It insulates you from electricity.
 F - an amulet of regeneration (around neck)
 H - the ring of Hefihut (right hand) {+Blink SInv}
   (You bought it in a shop on level 1 of the Depths)

   [ring of see invisible]

   SInv:      It lets you see invisible.
   +Blink:    It lets you blink.
 L - a +5 ring of evasion
 M - an amulet of reflection
 W - a ring of positive energy
 Y - an amulet of the acrobat
Wands
 c - a wand of polymorph (8)
 k - a wand of mindburst (28)
 r - a wand of flame (74)
 w - a wand of acid (13)
 O - a wand of warping (20)
 Z - a wand of digging (7)
Scrolls
 a - 3 scrolls of fog
 e - 2 scrolls of poison
 h - 6 scrolls of teleportation
 m - 3 scrolls of revelation
 p - a scroll of fear
 t - 4 scrolls of immolation
 A - a scroll of amnesia
 C - 3 scrolls of blinking
 D - 3 scrolls of enchant armour
 Q - 5 scrolls of enchant weapon
 U - 2 scrolls of silence
Potions
 f - 3 potions of magic
 i - 13 potions of curing
 u - a potion of heal wounds
 x - 9 potions of enlightenment
 z - 2 potions of berserk rage
 B - 4 potions of cancellation
 E - 6 potions of ambrosia
 K - 2 potions of mutation
 N - 5 potions of brilliance
 T - 2 potions of resistance
 V - 4 potions of might
Miscellaneous
 o - a lightning rod (4/4)


   Skills:
 + Level 21.8 Fighting
 - Level 18.0 Axes
 + Level 9.4 Throwing
 - Level 15.0 Armour
 - Level 6.9 Dodging
 + Level 17.5 Shields
 - Level 6.0 Spellcasting
 + Level 4.8 Hexes
 - Level 8.2 Translocations
 - Level 4.0 Fire Magic
 - Level 12.7 Alchemy
 - Level 8.0 Invocations
 - Level 10.7 Evocations


You had 4 spell levels left.
You knew the following spells:

 Your Spells              Type           Power      Damage    Failure   Level
a - Apportation           Tloc           50%        N/A       1%          1
b - Alistair's Intoxicat  Alch           24%        N/A       1%          5
c - Manifold Assault      Tloc           25%        N/A       4%          4
d - Olgreb's Toxic Radia  Alch           36%        N/A       1%          4
e - Ignite Poison         Fire/Alch      25%        N/A       4%          4
f - Dimensional Bullseye  Hex/Tloc       10%        N/A       9%          4
g - Blink                 Tloc           50%        N/A       1%          2
h - Irradiate             Conj/Alch      10%        3d15      26%         5

Your spell library contained the following spells:

 Spells                   Type           Power      Damage    Failure   Level
 Sting                    Conj/Alch      80%        1d8       1%          1
 Mercury Vapours          Alch/Air       40%        N/A       1%          2
 Gell's Gravitas          Tloc           25%        N/A       1%          3
 Scorch                   Fire           28%        2d6       4%          2
 Sticky Flame             Fire/Alch      25%        2d6       4%          4
 Confusing Touch          Hex            16%        N/A       6%          3
 Sigil of Binding         Hex            16%        N/A       6%          3
 Fulminant Prism          Conj/Alch      10%        3d8       10%         4
 Leda's Liquefaction      Alch/Erth      10%        N/A       10%         4
 Petrify                  Alch/Erth      20%        N/A       10%         4
 Kiss of Death            Conj/Necr      12%        2d6       13%         1
 Magic Dart               Conj           12%        1d3       13%         1
 Necrotise                Necr           12%        1d4       13%         1
 Searing Ray              Conj           6%         2d4       21%         2
 Static Discharge         Conj/Air       6%         3-4/arc   21%         2
 Vhi's Electric Charge    Tloc/Air       28%        N/A       24%         4
 Frozen Ramparts          Ice            6%         1d1       36%         3
 Fugue of the Fallen      Necr           3%         N/A       36%         3
 Ozocubu's Armour         Ice            3%         N/A       36%         3
 Dispel Undead            Necr           3%         3d7       75%         4
 Eringya's Noxious Bog    Alch           18%        4d6       12%         6
 Metabolic Englaciation   Hex/Ice        5%         N/A       77%         5
 Arcjolt                  Conj/Air       1%         1d11      97%         5
 Borgnjor's Vile Clutch   Necr/Erth      1%         N/A       97%         5
 Iskenderun's Battlesphe  Conj           3%         2d6       97%         5
 Bombard                  Conj/Erth      1%         9d1       100%        6
 Plasma Beam              Fire/Air       4%         2x1d14    100%        6
 Starburst                Conj/Fire      4%         6d4       100%        6
 Orb of Destruction       Conj           1%         9d5       100%        7
 Ozocubu's Refrigeration  Ice            1%         4d7       100%        7
 Ignition                 Fire           7%         3d4       100%        8
 Polar Vortex             Ice            1%         N/A       100%        9
 Summon Small Mammal      Summ           Unusable   N/A       N/A         1
 Call Imp                 Summ           Unusable   N/A       N/A         2
 Call Canine Familiar     Summ           Unusable   N/A       N/A         3
 Summon Blazeheart Golem  Fire/Summ      Unusable   N/A       N/A         4
 Sculpt Simulacrum        Ice/Alch       Unusable   N/A       N/A         6
 Malign Gateway           Summ/Tloc      Unusable   N/A       N/A         7
 Spellforged Servitor     Conj/Summ      Unusable   N/A       N/A         7
 Summon Horrible Things   Summ           Unusable   N/A       N/A         8

Dungeon Overview and Level Annotations

Branches:
Dungeon (15/15)            Temple (1/1) D:5            Lair (5/5) D:11
 Shoals (4/4) Lair:2       Spider (4/4) Lair:2        Slime (0/5) Lair:4
    Orc (2/2) D:12            Elf (0/3) Orc:2        Vaults (4/5) D:13
  Crypt (0/3) Vaults:3     Depths (4/4) D:15            Zot (0/5) Depths:4

Altars:
Ashenzari
Cheibriados
Dithmenos
Elyvilon
Fedhas
Gozag
Hepliaklqana
Kikubaaqudgha
Makhleb
Nemelex Xobeh
Okawaru
Qazlal
Ru
Sif Muna
Trog
Uskayaw
Vehumet
Wu Jian
Xom
Yredelemnul
Zin
The Shining One
Jiyva

Shops:
D:1 [   D:2 :*[   Orc:2 (*[:   Shoals:1 [   Shoals:3 [   Vaults:1 ((*!
Vaults:2 =   Vaults:4 ::*(:   Depths:1 =   Depths:2 :   Depths:3 =   Depths:4 *

Portals:
Hell: Depths:1 Depths:2
Abyss: Depths:3
Pandemonium: Depths:1 Depths:2
Ziggurat: Depths:4

Annotations:
D:3 3 runed translucent doors, retardedninja's ghost, amateur MDFi
D:5 Dowan; Duvessa
D:11 exclusion: orange crystal statue
Lair:4 Rupert
Depths:3 Parghit


Innate Abilities, Weirdness & Mutations

Your spellcasting is much less encumbered by armour.
You can use scrolls of enchantment on lesser artefacts.


Message History

You begin to radiate toxic energy.
The frost giant is poisoned.
Unknown command.
You slice the frost giant!!
The frost giant is moderately wounded.
The frost giant looks even sicker.
Your toxic aura wanes.
You block the frost giant's attack.
You hit the frost giant but do no damage.
The frost giant is moderately wounded.
The frost giant gestures at you while chanting.
The bolt of cold hits you!!!
* * * LOW HITPOINT WARNING * * *
You hit the frost giant.
The frost giant is heavily wounded.
The frost giant hits you but does no damage.
You barely miss the frost giant.
The frost giant is heavily wounded.
The frost giant gestures at you while chanting.
The bolt of cold hits you!!
* * * LOW HITPOINT WARNING * * *
You slash the frost giant!
The frost giant is heavily wounded.
The frost giant hits you but does no damage.
You slash the frost giant!
The frost giant is severely wounded.
You block the frost giant's attack.
The frost giant points at you and mumbles some strange words.
The bolt of cold hits you!!!
* * * LOW HITPOINT WARNING * * *
You slice the frost giant!!
The frost giant is almost dead.
The frost giant hits you with a +1 battleaxe of freezing.
* * * LOW HITPOINT WARNING * * *
The frost giant freezes you.
* * * LOW HITPOINT WARNING * * *
You hit the frost giant but do no damage.
The frost giant is almost dead.
The frost giant gestures at you while chanting.
The bolt of cold hits you!!
You die...

≈ # .'.####...#.. .. .. #.
##....C...#. ## |.. #.
#......#
.P..#.######...♣..#
...'...†)........##
P..#...)##........#####'
###.###..##.#........
##C###'##.#.###....#
+##+###..@.......#..######
.....~.~.~.......#..#.....
#..~~~~≈~~°...##.##......
#.~~~≈≈≈≈~~..#..#......⌠.
#~~≈≈≈≈~≈≈~~....#...##...
#.~≈≈~.~~≈~..#...#.###...
#~~≈≈~>.~~~~.######.....#
#~~≈≈~.~≈≈~~.# #.#####
#.~≈≈≈≈~≈~~..# #.#


You could see a frost giant (poisoned).

Vanquished Creatures
  Mennas (Vaults:3)
  A juggernaut (Depths:1)
  A caustic shrike (Depths:2)
  4 golden dragons
  Norris (Vaults:2)
  3 liches
  Asterion (Spider:3)
  A walking earthen tome (Depths:3)
  2 quicksilver dragons
  A titan (Depths:4)
  Gastronok (Lair:3)
  2 krakens
  2 sphinxes
  4 tengu reavers
  Agnes (D:15)
  4 storm dragons
  2 shadow dragons
  11 frost giants
  A draconian knight (Depths:4)
  5 fire giants
  4 emperor scorpions
  An iron dragon (Depths:2)
  4 ghost moths
  9 vault wardens
  A reaper (Depths:1)
  An orc warlord (Vaults:3)
  A broodmother (Spider:2)
  A spriggan defender (Depths:2)
  A draconian annihilator (Depths:4)
  20 ironbound preservers
  5 stone giants
  A broodmother (shapeshifter) (Depths:2)
  2 formless jellyfish (Vaults:1)
  21 very ugly things
  6 ironbound thunderhulks
  8 vampire knights
  A black draconian (Depths:4)
  A deep elf demonologist (Depths:3)
  22 dire elephants
  A green draconian (Depths:4)
  3 yellow draconians (Depths:4)
  8 spark wasps
  2 white draconians (Depths:4)
  5 merfolk javelineers
  15 merfolk impalers
  2 fire dragons
  2 blizzard demons (Abyss:3)
  12 ettins
  Josephine (D:15)
  5 entropy weavers
  2 jiangshi (Depths:2)
  4 great orbs of eyes
  A crystal guardian (Vaults:4)
  9 vault guards
  6 yaktaur captains
  2 peacekeepers (Vaults:4)
  A quicksilver dragon skeleton (Depths:2)
  3 rakshasas
  2 jorogumos
  5 ice dragons
  A caustic shrike simulacrum (Depths:2)
  5 ironbound frosthearts
  4 radroaches
  Erica (D:11)
  11 centaur warriors
  2 spriggan air magi
  10 hydras
  6 merfolk aquamancers
  An ogre mage (Vaults:3)
  8 boulder beetles
  11 two-headed ogres
  2 merfolk avatars
  6 death scarabs (Spider:4)
  4 catoblepae (Lair:5)
  6 death yaks (Lair:5)
  3 satyrs
  4 alligator snapping turtles
  A vampire mage (Depths:2)
  8 tengu warriors
  3 deep troll earth magi
  A spriggan berserker (Depths:2)
  3 occultists (Depths:3)
  6 demonic crawlers
  9 deep troll shamans
  A sun demon (Depths:1)
  8 hell knights
  A soul eater (Depths:2)
  Amaemon (Lair:2)
  8 skysharks
  A sixfirhy (Depths:2)
  14 sea snakes
  A spark wasp zombie (Depths:2)
  8 pharaoh ants
  A skeletal warrior (D:13)
  8 orb spiders
  A flayed ghost (Depths:2)
  7 iron trolls
  A wretched star (Abyss:3)
  2 sun moths
  2 glowing orange brains
  81 deep trolls
  2 spectral wolf spiders (Spider:4)
  4 phantasmal warriors
  7 steelbarb worms
  25 harpies
  20 ironbound convokers
  4 arcanists
  3 large abominations (Abyss:3)
  9 lindwurms
  5 orc knights
  5 deep elf pyromancers
  4 necromancers
  19 ugly things
  13 wolf spiders
  3 fauns (Shoals:2)
  17 manticores
  An orc sorcerer (Orc:1)
  5 cyclopes
  12 meliai
  7 merfolk sirens
  5 moths of wrath
  2 kobold blastminers (Orc:2)
  5 elephants (Lair:2)
  A fire giant skeleton (Depths:2)
  7 vault sentinels
  8 black mambas
  A cane toad (shapeshifter) (D:15)
  10 water nymphs
  5 torpor snails
  3 gargoyles
  2 smoke demons
  An orange demon (Lair:2)
  5 cane toads
  An unseen horror (D:11)
  2 spectral redbacks (Spider:4)
  A kobold demonologist (D:12)
  2 efreet
  A freezing wraith (D:15)
  2 tormentors
  6 rime drakes
  3 tengu conjurers
  6 komodo dragons
  17 yaktaurs
  7 trolls
  A hellwing (Abyss:3)
  33 merfolk
  3 polar bears
  A shadow dragon simulacrum (Vaults:4)
  3 spectral jumping spiders (Spider:4)
  20 tarantellas
  10 wind drakes
  A raiju (shapeshifter) (Depths:2)
  3 spectral tarantellas (Spider:4)
  2 glass eyes
  2 jumping spider zombies (Spider:4)
  A tyrant leech (D:15)
  3 raiju (Abyss:3)
  29 slime creatures
  A dream sheep (shapeshifter) (Depths:2)
  23 blink frogs
  A centaur simulacrum (D:13)
  4 dream sheep (Lair:4)
  2 tarantella zombies (Spider:4)
  14 snapping turtles
  Sigmund (D:3)
  3 shadows
  12 culicivoras
  12 water elementals
  22 jumping spiders
  49 yaks
  8 wyverns
  A ynoxinul (Depths:2)
  2 vampires
  7 wraiths
  A warg (Orc:2)
  5 basilisks
  A human simulacrum (Vaults:4)
  3 vampire mosquitoes (D:15)
  A steam dragon (D:10)
  37 redbacks
  A small abomination (Abyss:3)
  Menkaure (D:7)
  A naga zombie (Abyss:3)
  An acid dragon (D:12)
  15 water moccasins
  7 ice beasts
  30 orc warriors
  A sky beast (D:8)
  2 laughing skulls (D:14)
  15 centaurs
  15 wolves
  2 boggarts (D:15)
  3 black bears
  13 ogres
  2 phantoms (D:12)
  8 starcursed masses (Abyss:3)
  4 kobold brigands
  3 human zombies (Vaults:4)
  9 bullfrogs
  A glowing shapeshifter simulacrum (Depths:2)
  2 scorpions
  5 wights (D:9)
  4 troll zombies (D:12)
  10 killer bees
  4 electric eels
  4 howler monkeys
  A howler monkey (shapeshifter) (D:13)
  3 hounds
  10 orc priests
  Terence (D:3)
  3 iguanas (Lair:3)
  13 orc wizards
  6 hell rats (Lair:1)
  4 ogre zombies (D:12)
  Robin (D:3)
  4 gnolls
  5 adders
  3 white imps
  3 ribbon worms
  2 dart slugs
  59 orcs
  14 ball pythons
  5 bats
  4 endoplasms
  5 giant cockroaches
  2 gnoll zombies (D:12)
  16 hobgoblins
  4 jackals (D:5)
  22 kobolds
  6 quokkas
  2 frilled lizards
  7 gnoll skeletons (D:12)
  18 goblins
  3 orc skeletons (D:12)
  13 orc zombies (D:12)
  3 rats
  3 spectral weapons (Spider:3)
  12 tentacles
1522 creatures vanquished.

Vanquished Creatures (others)
  An ogre mage (D:15)
  A two-headed ogre (D:15)
  3 manticores
  A redback (Spider:4)
  A boggart (D:15)
  2 orc priests
  An orc wizard (D:15)
  32 tentacles
42 creatures vanquished.

Grand Total: 1564 creatures vanquished

Notes
Turn   | Place    | Note
-------+----------+-------------------------------------------
     0 | D:1      | Strat the Mountain Dwarf Fighter began the quest for the
                  | Orb.
     0 | D:1      | Reached XP level 1. HP: 19/19 MP: 1/1
   169 | D:1      | Reached XP level 2. HP: 23/26 MP: 2/2
   235 | D:1      | Found a faded altar of an unknown god.
   340 | D:1      | Found Mifesoc's Antique Armour Shoppe.
   840 | D:2      | Reached XP level 3. HP: 22/31 MP: 3/3
   953 | D:2      | Found Ehow's Book Shoppe.
  1070 | D:2      | Found Sucoi's Assorted Antiques.
  1242 | D:2      | Found Zuish's Armour Boutique.
  1248 | D:2      | Reached skill level 5 in Axes
  1461 | D:3      | Noticed retardedninja's ghost (amateur MDFi)
  1461 | D:3      | Found a runed translucent gate.
  1461 | D:3      | Found a runed translucent gate.
  1461 | D:3      | Found an opulent altar of Gozag.
  1461 | D:3      | Found a runed translucent gate.
  1538 | D:3      | Noticed Terence
  1615 | D:3      | Identified the +3 leather armour of Greater Demons {Str+2
                  | Dex+3}
  1694 | D:3      | Reached XP level 4. HP: 36/38 MP: 4/4
  1736 | D:3      | Noticed Robin
  1747 | D:3      | Killed Robin
  1801 | D:3      | Noticed Sigmund
  1914 | D:4      | Found a stormy altar of Qazlal.
  2048 | D:4      | Noticed a black bear
  2182 | D:3      | Reached XP level 5. HP: 36/45 MP: 5/5
  2364 | D:3      | Killed Sigmund
  2365 | D:3      | Reached skill level 4 in Fighting
  2365 | D:3      | Reached XP level 6. HP: 52/52 MP: 6/6
  2549 | D:3      | Killed Terence
  3065 | D:4      | Identified the orb of the Original Sin {*Rage, rElec Earth}
  3108 | D:4      | Reached XP level 7. HP: 17/60 MP: 7/7
  3626 | D:4      | Found a hide-covered altar of Uskayaw.
  3630 | D:4      | Found a glowing golden altar of the Shining One.
  3634 | D:4      | Found an opulent altar of Gozag.
  3872 | D:5      | Entered Level 5 of the Dungeon
  4293 | D:5      | Identified the +2 robe "Ystythrem" {Will+}
  4342 | D:5      | Found a staircase to the Ecumenical Temple.
  4407 | D:5      | Reached skill level 5 in Armour
  4433 | Temple   | Entered the Ecumenical Temple
  4455 | Temple   | Became a worshipper of Warmaster Okawaru
  4607 | D:5      | Reached skill level 5 in Fighting
  4760 | D:6      | Noticed Dowan
  4762 | D:6      | Noticed Duvessa
  5245 | D:6      | Reached XP level 8. HP: 57/61 MP: 8/8
  5699 | D:7      | Reached * piety under Okawaru
  5710 | D:7      | Noticed Menkaure
  5792 | D:6      | Reached skill level 6 in Fighting
  6010 | D:7      | Reached skill level 10 in Axes
  6072 | D:7      | Killed Menkaure
  6656 | D:8      | Found a bloodstained altar of Trog.
  6745 | D:8      | Reached ** piety under Okawaru
  6807 | D:8      | Reached XP level 9. HP: 78/78 MP: 9/9
  7019 | D:8      | Reached skill level 7 in Fighting
  7135 | D:8      | Noticed a two-headed ogre
  7153 | D:8      | Killed a two-headed ogre
  7511 | D:8      | Reached *** piety under Okawaru
  7638 | D:9      | Noticed a two-headed ogre
  7862 | D:9      | Noticed a troll
  7873 | D:9      | Killed a troll
  7874 | D:9      | Reached skill level 8 in Fighting
  7937 | D:9      | Reached XP level 10. HP: 65/88 MP: 8/10
  8135 | D:9      | Noticed a two-headed ogre
  8152 | D:9      | Killed a two-headed ogre
  8152 | D:9      | Reached **** piety under Okawaru
  8232 | D:9      | Killed a two-headed ogre
  8502 | D:9      | Found a snail-covered altar of Cheibriados.
  8563 | D:10     | Entered Level 10 of the Dungeon
  8751 | D:10     | Reached skill level 9 in Fighting
  8757 | D:10     | Noticed a gargoyle
  8776 | D:10     | Killed a gargoyle
  8891 | D:10     | Noticed a gargoyle
  8896 | D:10     | Noticed a two-headed ogre
  9363 | D:10     | Killed a two-headed ogre
  9363 | D:10     | Reached ***** piety under Okawaru
  9414 | D:10     | Killed a gargoyle
  9592 | D:11     | Reached XP level 11. HP: 95/97 MP: 11/11
  9724 | D:11     | Found a staircase to the Lair.
  9782 | D:11     | Received a gift from Okawaru
  9801 | D:11     | Reached skill level 15 in Axes
  9944 | D:11     | Noticed Erica
  9960 | D:11     | Killed Erica
 10016 | D:11     | Noticed an orange crystal statue
 10038 | D:11     | Learned a level 1 spell: Apportation
 10053 | D:11     | Noticed a two-headed ogre
 10591 | D:12     | Reached skill level 10 in Fighting
 10591 | D:12     | Reached skill level 10 in Armour
 10602 | D:12     | Reached skill level 5 in Shields
 10736 | D:12     | Found a staircase to the Orcish Mines.
 11282 | D:12     | Noticed a cyan ugly thing
 11296 | D:12     | Killed a cyan ugly thing
 11296 | D:12     | Received a gift from Okawaru
 11764 | Lair:1   | Entered Level 1 of the Lair of Beasts
 12324 | Lair:1   | Reached XP level 12. HP: 106/106 MP: 12/12
 12342 | Lair:1   | Reached ****** piety under Okawaru
 12364 | Lair:1   | Acquired the +9 broad axe of Adverse Possession {heavy,
                  | rF+}
 12364 | Lair:1   | Received a gift from Okawaru
 12367 | Lair:1   | Acquired the +9 plate armour "Aseo" {rN++ rCorr}
 12367 | Lair:1   | Received a gift from Okawaru
 12491 | Lair:1   | Received a gift from Okawaru
 12755 | Lair:2   | Noticed Amaemon
 12809 | Lair:2   | Killed Amaemon
 12897 | Lair:2   | Found a hole to the Spider Nest.
 13272 | Lair:2   | Received a gift from Okawaru
 13293 | Lair:2   | Reached skill level 1 in Invocations
 13850 | Lair:3   | Noticed a four-headed hydra
 13869 | Lair:2   | Killed a four-headed hydra
 13870 | Lair:2   | Reached skill level 10 in Shields
 14030 | Lair:3   | Reached skill level 5 in Invocations
 14058 | Lair:3   | Noticed Gastronok
 14070 | Lair:3   | Received a gift from Okawaru
 14117 | Lair:3   | Killed Gastronok
 14246 | Lair:3   | Reached XP level 13. HP: 104/113 MP: 17/17
 14850 | Lair:4   | Received a gift from Okawaru
 15110 | Lair:4   | Found a viscous altar of Jiyva.
 15110 | Lair:4   | Found a staircase to the Slime Pits.
 15267 | Lair:4   | Received a gift from Okawaru
 15374 | Lair:4   | Noticed Rupert
 15617 | Lair:5   | Entered Level 5 of the Lair of Beasts
 15663 | Lair:5   | Reached skill level 1 in Throwing
 15840 | Lair:5   | Received a gift from Okawaru
 16149 | Lair:5   | Reached XP level 14. HP: 105/122 MP: 20/20
 16247 | Lair:5   | Reached skill level 11 in Fighting
 16263 | Lair:5   | Received a gift from Okawaru
 17192 | Orc:1    | Entered Level 1 of the Orcish Mines
 17306 | Orc:2    | Entered Level 2 of the Orcish Mines
 17446 | Orc:1    | Found a burning altar of Makhleb.
 17604 | Orc:2    | Found a staircase to the Elven Halls.
 17692 | Orc:1    | Received a gift from Okawaru
 17753 | Orc:2    | Found a radiant altar of Vehumet.
 18100 | Orc:2    | Reached skill level 12 in Fighting
 18110 | Orc:2    | Reached skill level 5 in Throwing
 18168 | Orc:2    | Found Tian's Antique Armour Emporium.
 18168 | Orc:2    | Found April's General Store.
 18170 | Orc:2    | Found Lat Luewekh's Antique Weapon Shop.
 18172 | Orc:2    | Found Xosi's Book Shoppe.
 18189 | Orc:2    | Bought Great Wizards, Vol. II for 532 gold pieces
 18195 | Orc:2    | Learned a level 5 spell: Alistair's Intoxication
 18764 | D:13     | Reached skill level 1 in Alchemy
 19054 | D:13     | Found a gate to the Vaults.
 19093 | D:13     | Received a gift from Okawaru
 20067 | D:14     | Received a gift from Okawaru
 20366 | D:14     | Reached XP level 15. HP: 134/134 MP: 21/21
 20396 | D:14     | Reached skill level 13 in Fighting
 20411 | D:14     | Identified the +5 plate armour "Zicoqeg" {Str+2}
 20510 | D:14     | Found a glowing silver altar of Zin.
 20733 | D:15     | Entered Level 15 of the Dungeon
 20770 | D:15     | Noticed Agnes
 20842 | D:15     | Noticed Josephine
 20851 | D:15     | Killed Josephine
 20971 | D:15     | Found an iron altar of Okawaru.
 21060 | D:15     | Killed Agnes
 21343 | D:15     | Received a gift from Okawaru
 21684 | D:15     | Reached skill level 5 in Alchemy
 21727 | D:15     | Identified the +2 leather armour of Inaction {MP-9 Int+5}
 21753 | D:15     | Identified the +5 dagger of Unpleasantness {flame, rC+
                  | Str+5 Dex-2}
 21791 | D:15     | Found a staircase to the Depths.
 21793 | D:15     | Noticed a fire giant
 21812 | D:15     | Killed a fire giant
 22011 | D:15     | Found the +8 Vampire's Tooth {megavamp}
 22441 | Shoals:1 | Entered Level 1 of the Shoals
 22593 | Shoals:1 | Received a gift from Okawaru
 22746 | Shoals:1 | Noticed a kraken
 22748 | Shoals:1 | Reached skill level 14 in Fighting
 22878 | Shoals:1 | Killed a kraken
 23318 | Shoals:1 | Found Perseus's Dragon-Slaying Spoils.
 23943 | Shoals:2 | Received a gift from Okawaru
 23944 | Shoals:2 | Reached XP level 16. HP: 128/147 MP: 22/22
 23991 | Shoals:2 | Reached skill level 15 in Shields
 24508 | Shoals:3 | Found Oppusan's Antique Armour Boutique.
 24515 | Shoals:3 | Bought a pair of shimmering gloves for 313 gold pieces
 24515 | Shoals:3 | Identified the +2 pair of gloves "Jaygazog" {Will+} (You
                  | bought it in a shop on level 3 of the Shoals)
 24820 | Shoals:3 | Received a gift from Okawaru
 24942 | Shoals:3 | Reached skill level 15 in Fighting
 25265 | Shoals:3 | Noticed a kraken
 25289 | Shoals:3 | Killed a kraken
 25345 | Shoals:4 | Entered Level 4 of the Shoals
 25398 | Shoals:4 | Reached skill level 15 in Armour
 25413 | Shoals:4 | Got the Codex of Singed Illusion
 25581 | Shoals:4 | Identified the +3 falchion of Painful Death {holy, rPois
                  | rF- Int+4 Dex+3}
 25668 | Shoals:4 | Received a gift from Okawaru
 26190 | Shoals:4 | Reached skill level 16 in Fighting
 26260 | Shoals:4 | Received a gift from Okawaru
 26604 | Shoals:4 | Reached XP level 17. HP: 158/158 MP: 23/23
 26740 | Shoals:4 | Received a gift from Okawaru
 26810 | Shoals:4 | Got a barnacled rune of Zot
 27177 | Spider:1 | Entered Level 1 of the Spider Nest
 27252 | Spider:1 | Reached skill level 1 in Spellcasting
 27542 | Spider:1 | Identified the +1 helmet "Xomeone" {rElec rPois}
 27718 | Spider:1 | Received a gift from Okawaru
 28468 | Spider:2 | Reached skill level 10 in Alchemy
 28967 | Spider:3 | Paralysed by a jorogumo for 2 turns
 29221 | Spider:3 | Noticed Asterion
 29239 | Spider:3 | Killed Asterion
 29833 | Spider:4 | Entered Level 4 of the Spider Nest
 29997 | Spider:4 | Received a gift from Okawaru
 30127 | Spider:4 | Identified the +0 robe of Umnyiptu {Str+2 Int+3}
 30275 | Spider:4 | Reached skill level 5 in Spellcasting
 30546 | Spider:4 | Reached XP level 18. HP: 157/168 MP: 26/26
 31115 | Spider:4 | Received a gift from Okawaru
 32010 | Spider:4 | Got a gossamer rune of Zot
 32331 | Vaults:1 | Entered Level 1 of the Vaults
 32382 | Vaults:1 | Received a gift from Okawaru
 32591 | Vaults:1 | Reached skill level 1 in Evocations
 32603 | Abyss:3  | Cast into level 3 of the Abyss (vault guard)
 32604 | Abyss:3  | Reached skill level 1 in Translocations
 32604 | Abyss:3  | Found a corrupted altar of Lugonu.
 32876 | Vaults:1 | Escaped the Abyss
 32888 | Vaults:1 | Reached skill level 17 in Fighting
 32924 | Vaults:1 | Received a gift from Okawaru
 33294 | Vaults:1 | Found Ylimuvec's Weapon Shoppe.
 33302 | Vaults:1 | Found Pucusageuk's Antique Weapon Boutique.
 33428 | Vaults:1 | Found Ehepisu's General Store.
 33431 | Vaults:1 | Bought a scroll of teleportation for 36 gold pieces
 33627 | Vaults:1 | Reached skill level 5 in Evocations
 33637 | Vaults:1 | Received a gift from Okawaru
 33646 | Vaults:1 | Learned a level 4 spell: Manifold Assault
 33680 | Vaults:1 | Paralysed by a formless jellyfish for 1 turns
 33684 | Vaults:1 | Paralysed by a formless jellyfish for 1 turns
 33866 | Vaults:1 | Reached XP level 19. HP: 169/177 MP: 28/28
 34029 | Vaults:1 | Found Pimya's Distillery.
 34033 | Vaults:1 | Bought a potion of curing for 36 gold pieces
 34033 | Vaults:1 | Bought a potion of heal wounds for 60 gold pieces
 34033 | Vaults:1 | Bought a potion of invisibility for 96 gold pieces
 34033 | Vaults:1 | Bought a potion of resistance for 120 gold pieces
 34033 | Vaults:1 | Bought a potion of might for 48 gold pieces
 34444 | Vaults:2 | Noticed Norris
 34668 | Vaults:2 | Reached skill level 5 in Translocations
 35001 | Vaults:2 | Killed Norris
 35002 | Vaults:2 | Reached skill level 18 in Fighting
 35252 | Vaults:2 | Found a glowing golden altar of the Shining One.
 35398 | Vaults:2 | Received a gift from Okawaru
 35601 | Vaults:2 | Found Inniliug's Jewellery Shoppe.
 35606 | Vaults:2 | Bought the ring of Perabr Roor {Wiz Will+ Str+5 Slay+3} for
                  | 1182 gold pieces
 35695 | Vaults:3 | Noticed Mennas
 35983 | Vaults:3 | Found a staircase to the Crypt.
 36198 | Vaults:3 | Received a gift from Okawaru
 36579 | Vaults:3 | Killed Mennas
 36824 | Vaults:3 | Received a gift from Okawaru
 36837 | Vaults:3 | Identified the +11 great mace of Division {venom, Fly
                  | rElec}
 37050 | Vaults:3 | Reached skill level 19 in Fighting
 37376 | Vaults:4 | Reached XP level 20. HP: 184/191 MP: 29/29
 37400 | Vaults:4 | Reached skill level 10 in Evocations
 37784 | Vaults:4 | Received a gift from Okawaru
 37805 | Vaults:4 | Identified the ring "Cisievuu" {Wiz rElec rC- Str+3 Dex+8}
 37828 | Vaults:4 | Found Ciaq's General Store.
 37831 | Vaults:4 | Bought a scroll of fog for 60 gold pieces
 37831 | Vaults:4 | Bought a scroll of fog for 60 gold pieces
 37893 | Vaults:4 | Found a transporter.
 37893 | Vaults:4 | Found Ming's Book Shoppe.
 37941 | Vaults:4 | Found Quats's Weapon Boutique.
 37962 | Vaults:4 | Found a transporter.
 37996 | Vaults:4 | Bought a Young Poisoner's Handbook for 280 gold pieces
 38001 | Vaults:4 | Learned a level 4 spell: Olgreb's Toxic Radiance
 38414 | Vaults:4 | Reached skill level 1 in Dodging
 38414 | Vaults:4 | Found Maoweam's Book Shop.
 38745 | Vaults:4 | Received a gift from Okawaru
 38840 | Vaults:4 | Found Ogim Qia's Book Boutique.
 39428 | Depths:1 | Entered Level 1 of the Depths
 39428 | Depths:1 | Found Fiasmeiw's One-of-a-Kind Rings.
 39539 | Depths:1 | Reached skill level 20 in Fighting
 39570 | Depths:1 | Bought the ring of Hefihut {+Blink SInv} for 348 gold
                  | pieces
 39909 | Depths:1 | Found a one-way gate leading to the halls of Pandemonium.
 40040 | Depths:1 | Learned a level 4 spell: Ignite Poison
 40311 | Depths:1 | Received a gift from Okawaru
 40316 | Depths:1 | Reached skill level 1 in Fire Magic
 40566 | Depths:1 | Found a gateway to Hell.
 41098 | Depths:2 | Identified the +1 spear "Impslayer" {flame, rCorr Str+3}
 41709 | Depths:2 | Received a gift from Okawaru
 41725 | Depths:2 | Found Illeceqehegg's Book Emporium.
 41732 | Depths:2 | You fall into a shaft and drop 2 floors!
 41732 | Depths:4 | Entered Level 4 of the Depths
 41767 | Depths:4 | Reached XP level 21. HP: 192/202 MP: 8/30
 41792 | Depths:4 | Reached skill level 5 in Dodging
 42148 | Depths:4 | Noticed a golden dragon
 42331 | Depths:4 | Killed a golden dragon
 42466 | Depths:4 | Found a gate to the Realm of Zot.
 42488 | Depths:4 | Received a gift from Okawaru
 42826 | Depths:4 | Found Qesuacul's CLEARANCE SALE!.
 42834 | Depths:4 | Bought a potion of heal wounds for 30 gold pieces
 43176 | Depths:4 | Reached skill level 21 in Fighting
 43235 | Depths:4 | Found a one-way gateway to a ziggurat.
 43379 | Depths:3 | Received a gift from Okawaru
 43593 | Depths:3 | Noticed Parghit
 43672 | Depths:2 | Bought a book of Minor Magic for 288 gold pieces
 43672 | Depths:2 | Bought a book of the Hunter for 468 gold pieces
 43677 | Depths:2 | Learned a level 4 spell: Dimensional Bullseye
 43680 | Depths:2 | Learned a level 2 spell: Blink
 44019 | Depths:2 | Reached skill level 1 in Hexes
 44025 | Depths:2 | Noticed a caustic shrike
 44029 | Depths:2 | Noticed a juggernaut
 44161 | Depths:1 | Killed a juggernaut
 44500 | Depths:2 | Received a gift from Okawaru
 44662 | Depths:2 | Killed a caustic shrike
 44679 | Depths:2 | Noticed a golden dragon
 44683 | Depths:2 | Killed a golden dragon
 44717 | Depths:2 | Noticed a golden dragon
 44720 | Depths:2 | Noticed a golden dragon
 44732 | Depths:2 | Killed a golden dragon
 44739 | Depths:2 | Killed a golden dragon
 44838 | Depths:2 | Got Gell's Incunabulum of the Wayfarer
 44945 | Depths:2 | Got the Writings on Arcane Weapons
 44952 | Depths:2 | Learned a level 5 spell: Irradiate
 45216 | Depths:3 | Received a gift from Okawaru
 45300 | Depths:3 | Found Xiduet's Jewellery Boutique.
 45344 | Depths:3 | Reached XP level 22. HP: 179/214 MP: 21/31
 45740 | Depths:3 | Found a one-way gate to the infinite horrors of the Abyss.
 45967 | Depths:3 | Killed from afar by a frost giant

Illustrated notes

Levels and vault maps discovered:
D:1:      amcnicky_arrival_abandoned_market, layout_basic,
          shapermc_ecumenical_altar_gd, serial_bayou, serial_bayou_pond_b,
          serial_bayou_pond_d, serial_bayou_lagoon_a, serial_bayou_lake_a,
          serial_shops, shop
D:2:      layout_rooms, serial_shops, shop, shop, shop, serial_forest,
          infiniplex_forest_straight_2, infiniplex_forest_lined_1,
          infiniplex_forest_lined_1, infiniplex_forest_lined_corner,
          infiniplex_forest_end_3, infiniplex_forest_end_1,
          serial_bayou_crossing
D:3:      layout_loops_ring, ebering_ghost_gozag, uniq_terence, uniq_robin,
          uniq_sigmund
D:4:      layout_loops_ring, nicolae_qazlal_scattered_showers,
          grunt_temple_overflow_diamond
D:5:      layout_basic, minmay_temple_entry_enclosed_plants
D:6:      layout_basic, hangedman_abyss_or_decor_passed, uniq_duvessa
D:7:      layout_rooms, kennysheep_cross_bottleneck, uniq_menkaure
D:8:      layout_gridville, trog_hazing_becter
D:9:      layout_long_grid, chei_slow_surprise
D:10:     layout_rooms, st_stairs_10
D:11:     minmay_statue_hallways, layout_cave_pods, hellmonk_lair_entry_icy,
          uniq_erica
D:12:     layout_basic, zombieorc2_lemuel
D:13:     layout_stronghold, lightli_vaults_fourway_checkpoint
D:14:     layout_cave_pods, hangedman_decor_riveting, zin_treasury
D:15:     grunt_enter_depths_giant_problem, layout_grid_maze,
          okawaru_gym_becter, minmay_guarded_unrand_vampires_tooth, uniq_agnes,
          uniq_josephine
Temple:   regret_index_temple_sphere_string
Lair:1:   layout_roguey, lemuel_fruit_tree
Lair:2:   layout_regular_city, nicolae_shoals_entry_flooding,
          hellmonk_spider_entry_life_and_decay, lemuel_fruit_fields,
          uniq_amaemon
Lair:3:   layout_loops_ring, beast_lair_carwin_6, lemuel_fruit_fields,
          uniq_gastronok
Lair:4:   layout_gridlike, dpeg_slime_entry_enclosed, beast_lair_carwin_11,
          wad_woods_river_01, uniq_rupert
Lair:5:   evilmike_catoblepas_cave, layout_cave_pods, grunt_megastairs_5
Shoals:1: layout_shoals, nicolae_shoals_lost_giant_temple,
          nicolae_shoals_stone_sculpture_thing, nicolae_shop_dragon_depot,
          nicolae_shoals_hidden_pirate_stash
Shoals:2: layout_shoals
Shoals:3: layout_shoals, serial_shops, shop
Shoals:4: shoals_end_grunt_ice, layout_shoals, nicolae_shoals_hunting_party
Spider:1: layout_spider_delve
Spider:2: layout_spider_delve, hangedman_spider_tarantella_strand
Spider:3: layout_chambers, uniq_asterion
Spider:4: floodkiller_spider_rune_tomb
Orc:1:    layout_diamond_mine, basic_altar
Orc:2:    st_orc_rangers, layout_diamond_mine, basic_altar
Vaults:1: nicolae_vaults_off_center_swirl, nicolae_vaults_closet_pinwheel_4,
          v_misc_2, nicolae_vaults_ninety_degrees, v_misc_12,
          nicolae_vaults_house_1, serial_library_hellmonk_angled_corner,
          v_rooms_1, vaults_room_large_hall, nicolae_vaults_trapezoid_4,
          v_pattern_5, ontoclasm_vaults_shuriken, layout_vaults_big_cross,
          serial_shops, nicolae_shop_behind_doors, nicolae_shop_crystal, shop,
          nicolae_shop_temple_entry_statues_fountains
Vaults:2: nicolae_vaults_little_squares_5, nicolae_vaults_big_angled_halls,
          lemuel_angel_altar, nicolae_vaults_bisected_slash,
          nicolae_vaults_yaktaur_gun_rack, vaults_dpeg_encased_lava,
          layout_vaults_big_room, serial_shops, shop, uniq_norris
Vaults:3: nicolae_vaults_shipping_containers_4, minmay_crypt_entry_simple_round,
          nicolae_vaults_tetromino_L_1, nicolae_vaults_network_barrier,
          nicolae_vaults_sightless_eye, v_misc_27, v_misc_1,
          nicolae_vaults_trapezoid_3, v_misc_9, ontoclasm_vaults_idyll,
          layout_vaults_omnibox, uniq_mennas
Vaults:4: ontoclasm_vaults_claustrophobia, v_misc_5, vaults_mumra_minichess,
          nicolae_vaults_oval_intersection, v_rooms_6,
          nicolae_vaults_tetromino_T_1, nicolae_vaults_storage_closets_2,
          layout_vaults_quadrants, serial_shops, nicolae_shop_getting_attention,
          nicolae_shop_bloodbath_and_beyond, nicolae_shop_real_fake_doors,
          nicolae_shop_drivethru, shop
Depths:1: layout_gridville, pf_hell_entry_great_geh, hangedman_decor_growths,
          grunt_pan_entry_zigzag, nicolae_shop_unique_rings,
          nicolae_figureground_sparkle
Depths:2: minmay_tearing_corner, layout_cave_shapes, grunt_pan_entry_spiral,
          serial_shops, nicolae_shop_stone, serial_sigils_hangedman_clutch,
          hangedman_tar_grid_catacomb
Depths:3: grunt_twist_and_shout, layout_gridlike, hell_entry, serial_shops,
          nicolae_shop_back_alley_shop, shop, shop, nicolae_shop_waterfront,
          infiniplex_staircase_pool_2, nicolae_abyss_entry_one_way_or_another,
          serial_bayou_shore_b, uniq_xtahua, uniq_parghit
Depths:4: grunt_crosshair, layout_gridlike, enter_ziggurat_f, grunt_metal_band,
          nicolae_shop_clearance

Skill      XL: |  1  2  3  4  5  6  7  8  9 10 11 12 13 14 15 16 17 18 19 20 21 |
---------------+----------------------------------------------------------------+-----
Axes           | 3 4 5 6 7 9 10 12 14 16 18 | 18.0
Fighting       | 4 5 6 8 9 10 12 14 16 17 19 20 21 | 21.8
Armour         | 4 5 6 8 9 10 12 14 15 | 15.0
Shields        | 4 9 11 14 15 17 | 17.5
Invocations    | 6 8 |  8.0
Throwing       | 3 5 6 9 |  9.4
Alchemy        | 3 6 8 10 12 | 12.7
Spellcasting   | 5 6 |  6.0
Evocations     | 5 9 10 | 10.7
Translocations | 4 7 8 |  8.2
Dodging        | 4 6 |  6.9
Fire Magic     | 4 |  4.0
Hexes          | 4 |  4.8

Action                     |  1- 3 |  4- 6 |  7- 9 | 10-12 | 13-15 | 16-18 | 19-21 | 22-24 || total
---------------------------+-------+-------+-------+-------+-------+-------+-------+-------++-------
  Melee: War axe           |   110 |   127 |   305 |   526 |       |       |       |       ||  1068
         Broad axe         |       |       |       |   148 |   805 |  1257 |  1120 |    48 ||  3378
         Demon whip        |       |       |       |     8 |    97 |       |       |       ||   105
         Unarmed           |       |       |       |       |       |    32 |       |       ||    32
  Throw: Dart              |       |       |     1 |       |       |     4 |       |       ||     5
         Throwing net      |       |       |     1 |       |       |       |       |       ||     1
         Javelin           |       |       |       |       |       |     4 |       |       ||     4
   Cast: Olgreb's Toxic Ra |       |       |       |       |       |       |    92 |    15 ||   107
         Ignite Poison     |       |       |       |       |       |       |    58 |     6 ||    64
         Manifold Assault  |       |       |       |       |       |       |    13 |       ||    13
         Apportation       |       |       |       |       |       |       |     2 |       ||     2
 Invoke: Heroism           |       |       |     1 |     4 |     5 |    13 |    11 |       ||    34
         Receive Weapon    |       |       |       |     1 |       |       |       |       ||     1
         Receive Armour    |       |       |       |     1 |       |       |       |       ||     1
         Finesse           |       |       |       |       |       |     1 |     3 |       ||     4
  Evoke: Wand              |       |       |     4 |     9 |     8 |     6 |     3 |       ||    30
    Use: Potion            |       |     1 |     1 |       |       |    10 |     9 |       ||    21
         Scroll            |       |       |    18 |     4 |    11 |     9 |     9 |       ||    51
   Stab: Confused          |       |       |       |       |       |     5 |       |       ||     5
         Invisible         |       |       |       |       |       |       |     5 |       ||     5
 Armour: Scale mail        |    92 |       |       |       |       |       |       |       ||    92
         Chain mail        |     7 |   156 |   328 |   336 |       |       |       |       ||   827
         Plate armour      |       |       |       |   119 |   794 |  1254 |  1161 |    59 ||  3387
         Skin              |       |       |       |       |       |     4 |       |       ||     4
  Dodge: Dodged            |    44 |    50 |   171 |   206 |   409 |   607 |   453 |    13 ||  1953
  Block: Buckler           |    23 |    34 |    64 |    50 |       |       |       |       ||   171
         Kite shield       |       |       |       |   193 |   789 |  1270 |   963 |    42 ||  3257
         Reflection        |       |       |       |     1 |    73 |    57 |    27 |       ||   158

Table legend: (Time is in decaauts)
 A = Elapsed time spent in this place.
 B = Non-inter-level travel time spent in this place.
 C = Inter-level travel time spent in this place.
 D = Time resting spent in this place.
 E = Time spent auto-exploring this place.
 F = Levels seen in this place.
 G = Mean time per level.
                   A        B        C        D        E       F      G
               +--------+--------+--------+--------+--------+-----+--------+
         Total |  46722 |  44069 |   2653 |   7575 |  23434 |  40 | 1168.1 |
       Dungeon |  16141 |  14947 |   1194 |   1975 |   9289 |  15 | 1076.1 |
        Temple |     44 |      2 |     42 |      0 |      0 |   1 |   44.0 |
          Lair |   5559 |   5178 |    381 |    243 |   3478 |   5 | 1111.8 |
        Shoals |   5143 |   4822 |    321 |    834 |   2037 |   4 | 1285.8 |
   Spider Nest |   5130 |   4986 |    144 |    897 |   2480 |   4 | 1282.5 |
  Orcish Mines |   1150 |   1086 |     64 |    142 |    532 |   2 |  575.0 |
        Vaults |   6797 |   6389 |    408 |   1270 |   3120 |   4 | 1699.2 |
        Depths |   6495 |   6399 |     96 |   2101 |   2497 |   4 | 1623.8 |
         Abyss |    260 |    260 |      0 |    111 |      0 |   1 |  260.0 |
               +--------+--------+--------+--------+--------+-----+--------+

Top non-repeatable levels by time:
Spider:4: 2377 daAuts
Depths:2: 2263 daAuts
Vaults:1: 1924 daAuts
Vaults:3: 1806 daAuts
Vaults:4: 1758 daAuts
Depths:4: 1729 daAuts
Shoals:4: 1673 daAuts
    D:15: 1543 daAuts
Depths:1: 1539 daAuts
  Lair:5: 1465 daAuts
    D:13: 1380 daAuts
    D:12: 1338 daAuts
Vaults:2: 1308 daAuts
     D:4: 1254 daAuts
Spider:3: 1253 daAuts
